 Dungeon Crawl Stone Soup version 0.30-a0-381-g6ea064c7b4 (webtiles) character file.

Game seed: 11785810358098739783

266 qeuew the Digger (level 6, -2/45 HPs)
             Began as a Draconian Earth Elementalist on Dec 1, 2022.
             Slain by a gnoll
             ... wielding a +0 halberd
             ... led by a gnoll bouda
              (11 damage)
             ... on level 4 of the Dungeon.
             The game lasted 00:04:31 (3455 turns).

qeuew the Digger (Draconian Earth Elementalist)     Turns: 3455, Time: 00:04:32

Health: -2/45      AC:  6    Str: 10    XL:     6   Next: 0%
Magic:  2/10       EV: 12    Int: 19    God:
Gold:   126        SH:  0    Dex: 13    Spells: 6/10 levels left

rFire   + . .      SeeInvis .    d - +0 dagger (flame)
rCold   . . .      Faith    .    (no shield)
rNeg    . . .      Spirit   .    (body armour unavailable)
rPois   +          Reflect  .    (helmet restricted)
rElec   .          Harm     .    (no cloak)
rCorr   .          Rampage  .    (no gloves)
Will    .....                    (no boots)
Stlth   ++........               (no amulet)
HPRegen 0.27/turn                j - ring of wizardry
MPRegen 0.12/turn                m - ring "Unudwy Xeawe" {rPois rF+ Int+3}

@: weakened
A: AC +6, unfitting armour, cold-blooded
a: no special abilities


You were on level 4 of the Dungeon.
You visited 1 branch of the dungeon, and saw 4 of its levels.

You collected 126 gold pieces.

Inventory:

Hand Weapons
 d - a +0 dagger of flaming (weapon)
Missiles
 f - a throwing net
Jewellery
 j - a ring of wizardry (left hand)
 m - the ring "Unudwy Xeawe" (right hand) {rPois rF+ Int+3}
   (You found it on level 2 of the Dungeon)

   [ring of protection from fire]

   Int:       It affects your intelligence (+3).
   rF:        It protects you from fire.
   rPois:     It protects you from poison.
Wands
 s - a wand of iceblast (8)
Scrolls
 c - a scroll of brand weapon
 e - 2 scrolls of fog
 g - 2 scrolls of identify
 n - a scroll of noise {unknown}
 o - a scroll of poison
 r - 2 scrolls of summoning {unknown}
Potions
 a - a potion of magic
 b - a potion of ambrosia
 h - a potion of flight
 i - 2 potions of curing
 k - a potion of berserk rage {unknown}
 l - a potion of cancellation
 q - a potion of mutation {unknown}


   Skills:
 + Level 2.0 Short Blades
 + Level 2.9 Dodging
 + Level 2.9 Stealth
 + Level 2.9 Spellcasting
 + Level 1.6 Conjurations
 - Level 1.6 Transmutations
 + Level 3.7 Earth Magic


You had 6 spell levels left.
You knew the following spells:

 Your Spells              Type           Power      Damage    Failure   Level
a - Sandblast             Erth           34%        2d9       1%          1
b - Stone Arrow           Conj/Erth      26%        3d8       6%          3

Your spell library contained the following spells:

 Spells                   Type           Power      Damage    Failure   Level
 Passwall                 Tmut/Erth      10%        N/A       3%          2
 Apportation              Tloc           4%         N/A       6%          1
 Petrify                  Tmut/Erth      13%        N/A       21%         4
 Iskenderun's Battlesphe  Conj           9%         2d6       61%         5
 Alistair's Intoxication  Tmut/Pois      3%         N/A       73%         5
 Iron Shot                Conj/Erth      6%         9d2       95%         6
 Spellforged Servitor     Conj/Summ      3%         N/A       100%        7


Dungeon Overview and Level Annotations

Branches:
Dungeon (4/15)             Temple (0/1) D:4

Altars:
Okawaru
Zin

Annotations:
D:4 1 runed translucent door, Pikel; osoart's ghost, amateur MiMo


Innate Abilities, Weirdness & Mutations

Your plain brown scales are hard. (AC +6)
You cannot fit into any form of body armour.
You are cold-blooded and may be slowed by cold attacks.


Message History

The stone arrow hits the gnoll bouda.
The gnoll bouda is lightly wounded.
Casting: Stone Arrow (dangerous; 6% risk of failure)
Confirm with . or Enter, or press ? or * to list all spells.
Aiming: Stone Arrow (dangerous; 6% risk of failure)
Press: ? - help, Shift-Dir - straight line, f/p - gnoll bouda
Aim: a gnoll bouda, wielding a +0 club and wearing a +0 leather armour (lightly wounded, 72% to hit)
The stone arrow hits the gnoll bouda!
The gnoll bouda is almost dead.
The gnoll bouda gazes fiercely through you!
You feel your attacks grow feeble.
Casting: Stone Arrow (dangerous; 6% risk of failure)
Confirm with . or Enter, or press ? or * to list all spells.
Aiming: Stone Arrow (dangerous; 6% risk of failure)
Press: ? - help, Shift-Dir - straight line, f/p - gnoll bouda
Aim: a gnoll bouda, wielding a +0 club and wearing a +0 leather armour (almost dead, 72% to hit)
The stone arrow misses the gnoll bouda.
The gnoll bouda prays to its god.
The gnoll bouda is healed somewhat.
A gnoll comes into view. It is wielding a +0 club.
The gnoll bouda hits you with a +0 club.
* * * LOW HITPOINT WARNING * * *
You hit the gnoll bouda. You burn the gnoll bouda.
Your tail-slap misses the gnoll bouda.
The gnoll bouda is severely wounded.
The gnoll bouda hits you with a +0 club.
* * * LOW HITPOINT WARNING * * *
The gnoll closely misses you.
Unknown command.
Okay, then.
Unknown command.
The gnoll bouda gazes fiercely through you!
You feel as though you will be weak longer.
Unknown command.
The gnoll bouda gazes fiercely through you!
You feel as though you will be weak longer.
As you read the scroll of identify, it crumbles to dust.
o - a scroll of poison The gnoll hits you from afar with a +0 halberd!
You die...

###
...
#.#
#.#
#@#
#g#
#g#
#g#
#.#
#.#
#.#
#.#
#.#


You could see a gnoll bouda and 2 gnolls.

Vanquished Creatures
  An ogre (D:4)
  A scorpion (D:4)
  3 adders
  3 dart slugs
  6 ball pythons
  14 endoplasms
  3 giant cockroaches
  12 goblins
  7 hobgoblins
  2 jackals (D:4)
  11 kobolds
  3 quokkas
  3 bats
  3 frilled lizards
  12 rats
84 creatures vanquished.

Notes
Turn   | Place    | Note
-------+----------+-------------------------------------------
     0 | D:1      | qeuew the Draconian Earth Elementalist began the quest for
                  | the Orb.
     0 | D:1      | Reached XP level 1. HP: 14/14 MP: 3/3
   164 | D:1      | Reached XP level 2. HP: 20/20 MP: 3/5
  1122 | D:1      | Reached XP level 3. HP: 26/26 MP: 4/6
  1299 | D:1      | Learned a level 3 spell: Stone Arrow
  1734 | D:2      | Identified the ring "Unudwy Xeawe" {rPois rF+ Int+3}
  1852 | D:2      | Reached skill level 1 in Short Blades
  1873 | D:2      | Reached XP level 4. HP: 33/33 MP: 4/7
  2475 | D:3      | Found a glowing silver altar of Zin.
  2488 | D:3      | Found an iron altar of Okawaru.
  2867 | D:4      | Noticed an ogre
  2875 | D:4      | Killed an ogre
  2876 | D:4      | Reached skill level 1 in Conjurations
  2876 | D:4      | Reached XP level 5. HP: 38/38 MP: 1/9
  3284 | D:4      | Found a runed translucent door.
  3284 | D:4      | Noticed osoart's ghost (amateur MiMo)
  3395 | D:4      | Found a staircase to the Ecumenical Temple.
  3395 | D:4      | Noticed Pikel
  3395 | D:4      | Noticed a lemure
  3395 | D:4      | Noticed a lemure
  3395 | D:4      | Noticed a lemure
  3395 | D:4      | Noticed a lemure
  3401 | D:4      | HP: 1/38 [Pikel/+0 whip of freezing (1)]
  3444 | D:4      | Reached XP level 6. HP: 14/45 MP: 10/10
  3455 | D:4      | Slain by a gnoll

Illustrated notes

Levels and vault maps discovered:
D:1:      nicolae_arrival_washed_ashore, layout_basic
D:2:      layout_basic
D:3:      layout_rooms, overflow_temple_1_default, okawaru_ov_weapons_minmay
D:4:      layout_basic, minmay_temple_entry_hall, gammafunk_ghost_grave,
          minmay_misc_feat_chi, uniq_pikel

Skill      XL: |  1  2  3  4  5 |
---------------+----------------+-----
Stealth        | 2 |  2.9
Dodging        | 2 |  2.9
Short Blades   | 1 2 |  2.0
Conjurations   | 1 |  1.6
Spellcasting   | |  2.9
Transmutations | |  1.6
Earth Magic    | |  3.7

Action                   |  1- 3 |  4- 6 || total
-------------------------+-------+-------++-------
Melee: Unarmed           |    13 |       ||    13
       Tailslap          |     2 |     1 ||     3
       Dagger            |    15 |    19 ||    34
 Cast: Sandblast         |    66 |    38 ||   104
       Stone Arrow       |       |     5 ||     5
  Use: Scroll            |     5 |     5 ||    10
 Stab: Sleeping          |       |     1 ||     1
Armor: Skin              |    15 |     9 ||    24
Dodge: Dodged            |    37 |    23 ||    60

Table legend: (Time is in decaauts)
 A = Elapsed time spent in this place.
 B = Non-inter-level travel time spent in this place.
 C = Inter-level travel time spent in this place.
 D = Time resting spent in this place.
 E = Time spent auto-exploring this place.
 F = Levels seen in this place.
 G = Mean time per level.
                   A        B        C        D        E       F      G
               +--------+--------+--------+--------+--------+-----+--------+
         Total |   3511 |   3400 |    111 |      0 |   2894 |   4 |  877.8 |
       Dungeon |   3511 |   3400 |    111 |      0 |   2894 |   4 |  877.8 |
               +--------+--------+--------+--------+--------+-----+--------+

Top non-repeatable levels by time:
     D:1: 1362 daAuts
     D:2: 897 daAuts
     D:4: 655 daAuts
     D:3: 596 daAuts
